AoeStats
← SuckinFahts

Black Forest

504602197Analyzed
1v1 RM · 27d ago on Sep 5, 2026· 46m 27s· 2 players
Game mode
Random Map
Map size
Tiny (2 player)
Population
200
Speed
Normal
Resources
Standard
Victory
Conquest
Starting age
Dark Age
Ending age
Imperial Age
RankedLock teamsTeams togetherTeam positionsShared explorationLock speedFull tech treeHidden civsTurbo modeCheats
Victory
Defeat
🇺🇸 Vietnamese · United States
902
+17
🇩🇪 Britons · Germany
914
-41
SuckinFahts
6:47 Loom
10:39 Feudal Age
11:12 Double-Bit Axe
11:17 Town Watch
11:18 Horse Collar
14:14 Arson
13:52 Man-at-Arms
18:22 Forging
21:37 Wheelbarrow
23:57 Castle Age
22:25 Gold Mining
23:36 Fletching
25:24 Hand Cart
25:13 Heavy Plow
25:25 Bow Saw
25:26 Thumb Ring
26:31 Crossbowman
28:49 Town Patrol
31:10 Bloodlines
34:53 Ballistics
35:23 Bodkin Arrow
36:32 Elite Skirmisher
38:01 Iron Casting
37:32 Scale Barding Armor
37:29 Padded Archer Armor
41:34 Imperial Age
42:00 Chatras
44:02 Paper Money
43:53 Light Cavalry
Ttau2000
12:47 Feudal Age
14:18 Double-Bit Axe
18:02 Castle Age
16:37 Horse Collar
19:32 Bow Saw
21:26 Loom
27:18 Padded Archer Armor
28:15 Leather Archer Armor
29:25 Fletching
30:01 Heavy Plow
33:03 Gold Mining
37:58 Imperial Age
45:38 Elite Longbowman
Connection lost

Rejoining the realm…

Still unreachable

The connection could not be restored.

Session expired

The server has moved on; the page needs a fresh start.